 Dungeon Crawl Stone Soup version 0.23-a0-650-ga4d50d4 (webtiles) character file.

520 Azzok the Ruffian (level 7, 52/52 HPs)
             Began as a Demonspawn Fighter on Jan 4, 2019.
             Quit the game on level 4 of the Dungeon.
             The game lasted 00:05:56 (4018 turns).

Azzok the Ruffian (Demonspawn Fighter)              Turns: 4018, Time: 00:05:56

Health: 52/52      AC: 10    Str: 16    XL:     7   Next: 1%
Magic:  7/7        EV:  4    Int: 12    God:
Gold:   81         SH:  8    Dex: 12    Spells: 6/6 levels left

rFire    . . .     SeeInvis .     - Unarmed
rCold    . . .     Gourm    .   b - +0 shield
rNeg     . . .     Faith    .   s - +0 chain mail
rPois    .         Spirit   .   q - +0 helmet
rElec    .         Reflect  .   (no cloak)
rCorr    .         Harm     .   (no gloves)
MR       .....                  (no boots)
Stlth    ..........             (no amulet)
HPRegen  0.17/turn              (no ring)
MPRegen  0.10/turn              (no ring)

@: no status effects
A: claws 2, demonic guardian 1
a: no special abilities


You were on level 4 of the Dungeon.
You were not hungry.

You visited 1 branch of the dungeon, and saw 4 of its levels.

You collected 81 gold pieces.

Inventory:

Armour
 b - a +0 shield (worn)
 q - a +0 helmet (worn)
 s - a +0 chain mail (worn)
Scrolls
 e - 9 scrolls of identify {unknown}
 i - 5 scrolls of teleportation {unknown}
 j - 2 scrolls of amnesia {unknown}
 k - a scroll of enchant armour {unknown}
 o - 2 scrolls of remove curse {unknown}
 r - a scroll of fog {unknown}
Potions
 c - a potion of might
 f - a potion of haste {unknown}
 g - a potion of flight {unknown}
 h - 2 potions of curing
 l - 3 potions of lignification {unknown}
 m - 2 potions of degeneration {unknown}
 n - 2 potions of agility {unknown}
 p - a potion of berserk rage {unknown}
Comestibles
 d - 4 rations


   Skills:
 - Level 3.0 Fighting
 - Level 2.6 Armour
 - Level 2.6 Shields
 + Level 7.0 Unarmed Combat


You had 6 spell levels left.
You didn't know any spells.
Your spell library was empty.

Dungeon Overview and Level Annotations

Branches:
Dungeon (4/15)
 Temple: D:4-7

Altars:
Nemelex Xobeh
Ru
Uskayaw


Innate Abilities, Weirdness & Mutations

You have very sharp fingernails.
A weak demonic guardian rushes to your aid.


Message History

The orc hits you but does no damage.
You claw the orc!
You kill the orc!
The adder bites you but does no damage.
The orc priest looks encouraged for a moment.
The adder bites you. You block the adder's attack.
The orc priest looks satisfied for a moment.
You scratch the adder.
The adder is heavily wounded.
The adder bites you but does no damage.
You claw the adder!
You kill the adder!
You have reached level 7!
Your demonic ancestry asserts itself...
You feel the presence of a demonic guardian.
You scratch the orc.
The orc is moderately wounded.
The orc hits you but does no damage.
Are you sure you want to abandon this character and quit the game? (Confirm

··············▒·▒▒·▒·······▒···†·
·········▒··▒·▒·▒▒ ▒▒·····▒▒·▒···
·▒······▒··▒···▒ ▒·····▒▒·▒▒▒·
▒▒▒▒▒·▒▒·····▒▒ ▒·······▒·▒ ▒▒ ··
▒·····▒ ······· ▒·▒ ▒ ·▒▒
▒·····▒▒▒ ······ ▒▒▒▒·▒·$··o▒
······ ·····$···▒o▒ ····
········o▒@▒ ··· ··········▒·▒
········)··o···· ···········▒····
··············· ··········▒▒···
▒▒▒▒▒·····▒ ▒··· ▒▒···=o ····
▒▒·····


You could see an orc priest and 2 orcs.

Vanquished Creatures
  An ogre (D:4)
  2 scorpions (D:4)
  A bullfrog skeleton (D:4)
  Natasha (thrice) (D:4)
  3 worker ants (D:4)
  Robin (D:2)
  5 adders
  An ooze (D:3)
  3 worms
  A dart slug (D:2)
  2 leopard geckos
  6 orcs
  6 giant cockroaches
  14 goblins
  8 hobgoblins
  14 jackals
  2 quokkas (D:4)
  9 bats
  2 frilled lizards (D:1)
  6 kobolds
  A leopard gecko skeleton (D:4)
  A quokka zombie (D:3)
  6 rats
98 creatures vanquished.

Notes
Turn   | Place    | Note
-------+----------+-------------------------------------------
     0 | D:1      | Azzok the Demonspawn Fighter began the quest for the Orb.
     0 | D:1      | Reached XP level 1. HP: 18/18 MP: 1/1
    35 | D:1      | Reached skill level 2 in Unarmed Combat
   269 | D:1      | Gained mutation: You have sharp fingernails. [demonic
                  | ancestry]
   269 | D:1      | Reached XP level 2. HP: 17/24 MP: 2/2
   539 | D:1      | Reached skill level 3 in Unarmed Combat
   703 | D:1      | Gained mutation: You have very sharp fingernails. [demonic
                  | ancestry]
   703 | D:1      | Reached XP level 3. HP: 29/29 MP: 3/3
  1397 | D:2      | Found a sparkling altar of Nemelex Xobeh.
  1621 | D:2      | Noticed Robin
  1654 | D:2      | Killed Robin
  1654 | D:2      | Reached skill level 4 in Unarmed Combat
  1654 | D:2      | Reached XP level 4. HP: 25/35 MP: 4/4
  2260 | D:3      | Found a sacrificial altar of Ru.
  2477 | D:3      | Reached XP level 5. HP: 29/41 MP: 5/5
  2595 | D:3      | Found a hide-covered altar of Uskayaw.
  2951 | D:4      | Reached skill level 5 in Unarmed Combat
  3399 | D:4      | Reached XP level 6. HP: 35/47 MP: 6/6
  3493 | D:4      | Reached skill level 6 in Unarmed Combat
  3529 | D:4      | Noticed Natasha
  3539 | D:4      | Killed Natasha
  3574 | D:4      | Noticed Natasha
  3582 | D:4      | Killed Natasha
  3663 | D:4      | Noticed Natasha
  3674 | D:4      | Killed Natasha
  3679 | D:4      | Reached skill level 7 in Unarmed Combat
  3698 | D:4      | HP: 2/47 [poisoned by a worker ant]
  4016 | D:4      | Gained mutation: A weak demonic guardian rushes to your
                  | aid. [demonic ancestry]
  4016 | D:4      | Reached XP level 7. HP: 52/52 MP: 7/7
  4018 | D:4      | Quit the game

Vault maps used:
D:1:      minmay_arrival_solitary_statue, minmay_small_reverse_x
D:2:      nemelex_xobeh_ov_fountains_minmay, uniq_robin
D:3:      lemuel_coloured_pillars_altar, nicolae_overflow_crystal_walls
D:4:      first_ration, uniq_natasha

Skill      XL: |  1  2  3  4  5  6 |
---------------+-------------------+-----
Unarmed Combat | 2 3 4 5 7 |  7.0
Fighting       | |  3.0
Armour         | |  2.6
Shields        | |  2.6

Action                   |  1- 3 |  4- 6 |  7- 9 || total
-------------------------+-------+-------+-------++-------
Melee: Unarmed           |   192 |   215 |     1 ||   408
  Eat: Chunk             |     2 |     8 |       ||    10
Armor: Scale mail        |    84 |    51 |       ||   135
       Chain mail        |       |    47 |     1 ||    48
Dodge: Dodged            |    42 |    42 |       ||    84
Block: Shield            |    84 |    91 |       ||   175

Table legend:
 A = Non-vault XP
 B = Vault XP
 C = Vault XP percentage of total XP
 D = Non-vault monster count
 E = Vault monster count
 F = Vault count percentage of total count
                 A         B        C        D         E       F
            +---------+---------+-------+---------+---------+-------
      Total |     666 |      77 |  10.4 |      82 |      16 |  16.3
            +---------+---------+-------+---------+---------+-------
        D:1 |      36 |       8 |  18.2 |      23 |       4 |  14.8
        D:2 |      44 |      34 |  43.6 |      13 |      11 |  45.8
        D:3 |      99 |       0 |   0.0 |      30 |       0 |   0.0
        D:4 |     487 |      35 |   6.7 |      16 |       1 |   5.9
            +---------+---------+-------+---------+---------+-------
